 Dungeon Sprint DCSS version 0.20-a0-1078-g4874019 (webtiles) character file.

197978 Knakk the Swordmaster (level 17, -16/174 HPs)
             Began as a Barachi Berserker on Apr 30, 2017.
             Was a High Priest of Trog.
             Killed from afar by a shadow dragon (23 damage)
             ... with a bolt of negative energy
             ... in the Dungeon (Sprint IX: "|||||||||||||||||||||||||||||").
             The game lasted 00:20:12 (9040 turns).

Knakk the Swordmaster (Barachi Berserker)           Turns: 9040, Time: 00:20:12

Health: -16/174    AC: 25    Str: 18    XL:     17   Next: 16%
Magic:  17/17      EV:  6    Int: 11    God:    Trog [*****.]
Gold:   1632       SH:  0    Dex: 18    Spells: 16/16 levels left

rFire    + + .     SeeInvis .   n - +8 demon blade "Bloodbane" {slice, *Rage +Rage Stlth-}
rCold    + + .     Gourm    .   (no shield)
rNeg     . . .     Faith    .   E - +0 gold dragon scales
rPois    +         Spirit   .   M - +1 helmet
rElec    .         Reflect  .   K - +1 cloak
rCorr    .         Harm     .   o - +0 pair of gloves
MR       +++..     Rnd*Rage +   C - +1 pair of boots Stlth ..........NoTele +
                                (no amulet)
Regen    1.4/turn               G - ring of protection from cold
MPRegen  0.2/turn               I - ring of protection from fire

@: starving, regenerating, slowed, extremely drained, very slow
A: +LOS, swims, clever 1, deformed body, slowness 1, wild magic 1, strong legs 2
}: 4/15 runes: decaying, serpentine, barnacled, gossamer
a: Hop, Berserk, Trog's Hand, Brothers in Arms, Burn Spellbooks, Renounce
Religion, Evoke Berserk Rage


You were in the Dungeon.
You worshipped Trog.
Trog was extremely pleased with you.
You were starving.

You visited 1 branch You collected 2000 gold pieces.
You spent 368 gold pieces at shops.

Inventory:

Hand Weapons
 n - the +8 demon blade "Bloodbane" (weapon) {slice, *Rage +Rage Stlth-}
   (You found it in the Dungeon)

   It inflicts extra damage upon your enemies.
   It lets you go berserk.
   It may make you go berserk in combat.
   It makes you less stealthy.
 q - a +4 longbow of freezing
 y - the +11 plutonium sword {*Contam Stlth-}
   (Trog gifted it to you in the Dungeon)

   It causes magical contamination when unequipped.
   It makes you less stealthy.
 B - a +3 longbow of velocity
Missiles
 b - 499 arrows
Armour
 o - a +0 pair of gloves (worn)
 C - a +1 pair of boots (worn)
 E - +0 gold dragon scales (worn)
 K - a +1 cloak (worn)
 M - a +1 helmet (worn)
Jewellery
 G - a ring of protection from cold (left hand)
 I - a ring of protection from fire (right hand)
Wands
 m - a wand of lightning (7/15)
 t - a wand of acid (4/15)
Scrolls
 i - 3 scrolls of blinking
 l - 3 scrolls of remove curse
 u - 8 scrolls of enchant armour
 v - 2 scrolls of identify
 F - 2 scrolls of recharging
 N - 6 scrolls of enchant weapon
 O - 2 scrolls of fear
Potions
 a - a potion of might
 d - 7 potions of curing
 e - 9 potions of heal wounds
 f - 3 potions of haste
 g - 4 potions of magic
 h - 5 potions of berserk rage
 j - a potion of cancellation
 k - a potion of invisibility
 p - a potion of agility
 D - 3 potions of brilliance
Comestibles
 c - 5 bread rations
 s - a royal jelly
 x - 40 fruits
 z - 11 meat rations


   Skills:
 O Level 27(17.0) Fighting
 O Level 27(17.0) Long Blades
 * Level 25.0(15.4) Bows
 O Level 27(17.0) Armour
 + Level 12.6(5.1) Dodging


You had 16 spell levels left.
You didn't know any spells.

Dungeon Overview and Level Annotations

Branches:
Dungeon (1/1)

Altars:
Cheibriados
Dithmenos
Elyvilon
Fedhas
Gozag
Hepliaklqana
Kikubaaqudgha
Makhleb
Nemelex Xobeh
Okawaru
Qazlal
Ru
Sif Muna
Trog
Uskayaw
Vehumet
Wu Jian
Xom
Yredelemnul
Zin
The Shining One
Beogh
Jiyva
Lugonu

Shops:
D *!:(


Innate Abilities, Weirdness & Mutations

Shadows flee at your approach. (+LOS)
You can swim through water.
You cover ground slowly.
You can hop longer distances.
Your mind is acute. (Int +2)
Armour fits poorly on your strangely shaped body.
Your spells are a little harder to cast, but a little more powerful.


Message History

The shadow dragon bites you.
* * * LOW HITPOINT WARNING * * *
You feel drained.
* * * LOW HITPOINT WARNING * * *
The shadow dragon claws you!
* * * LOW HITPOINT WARNING * * *
The shadow dragon claws you.
* * * LOW HITPOINT WARNING * * *
You see here a large rock.
Your iron troll goes berserk!
You are starving!
The shadow dragon bites you but does no damage.
The shadow dragon claws you but does no damage. x2
The shadow dragon breathes negative energy at you.
The bolt of negative energy hits the shadow dragon.
The shadow dragon completely resists.
The bolt of negative energy hits the shadow dragon.
The shadow dragon completely resists.
The bolt of negative energy hits you!
You feel drained.
You die...

▓[▓.▓.▓.▓.▓.▓.▓.▓'
▓.▓.▓.▓.▓.▓.▓.▓.▓)
▓.▓.▓)▓.▓.▓.▓.▓.▓)
▓.▓.▓)▓.▓.▓.▓.▓.▓.
▓.▓.▓)▓.▓.▓.▓.▓.▓.
▓.▓.▓(▓.▓.▓)▓(▓.▓.
▓.▓.▓.▓.▓.▓)▓†▓.▓.
▓T▓.▓(▓.▓.▓.▓)▓.▓.
▓@▓.▓)▓.▓.▓.▓.▓.▓.
▓D▓.▓.▓.▓.▓.▓.▓.▓.
▓D▓.▓)▓.▓.▓.▓.▓.▓'
▓D▓.▓(▓.▓.▓.▓.▓.▓.
▓D▓.▓(▓.▓'▓.▓.▓.▓.
▓D▓.▓)▓.▓.▓.▓'▓.▓.
▓[▓.▓(▓.▓.▓.▓.▓.▓.
▓C▓.▓)▓.▓.▓.▓.▓.▓.
▓[▓.▓)▓.▓.▓.▓.▓.▓.


You could see 3 shadow dragons, 2 quicksilver dragons, a stone giant and a
friendly iron troll (berserk).

Vanquished Creatures
  Saint Roka (D)
  Frederick (D)
  Xtahua (D)
  A lich (D)
  Rupert (D)
  A tengu reaver (D)
  A shadow dragon (D)
  6 nagarajas (D)
  Ilsuiw (D)
  2 vault wardens (D)
  2 ghost moths (D)
  4 emperor scorpions (D)
  2 ironheart preservers (D)
  5 stone giants (D)
  A dire elephant (D)
  A merfolk javelineer (D)
  A merfolk impaler (D)
  25 vault guards (D)
  3 yaktaur captains (D)
  2 naga warriors (D)
  2 centaur warriors (D)
  3 hydras (D)
  A rakshasa (D)
  An alligator (D)
  A death knight (D)
  5 ogre magi (D)
  4 merfolk avatars (D)
  A two-headed ogre (D)
  A tengu warrior (D)
  5 merfolk aquamancers (D)
  A deep troll earth mage (D)
  A deep troll shaman (D)
  A naga sharpshooter (D)
  2 shock serpents (D)
  3 orc high priests (D)
  A hell knight (D)
  Nergalle (D)
  A deep elf archer (D)
  A sea snake (D)
  2 glowing orange brains (D)
  A shambling mangrove (D)
  12 orc knights (D)
  5 swamp dragons (D)
  A mana viper (D)
  2 orc sorcerers (D)
  An ugly thing (D)
  5 wolf spiders (D)
  2 cyclopes (D)
  3 elephants (D)
  A naga mage (D)
  A black mamba (D)
  A merfolk siren (D)
  Joseph (D)
  Maurice (D)
  4 guardian serpents (D)
  A vault sentinel (D)
  Psyche (D)
  3 spiny frogs (D)
  A rime drake (D)
  5 demonic crawlers (D)
  A freezing wraith (D)
  A komodo dragon (D)
  A yaktaur (D)
  A troll (D)
  A tengu conjurer (D)
  2 jumping spiders (D)
  A queen bee (shapeshifter) (D)
  3 merfolk (D)
  2 tyrant leeches (D)
  2 bog bodies (D)
  2 polar bears (D)
  A hornet (D)
  2 blink frogs (D)
  A dream sheep (D)
  3 slime creatures (D)
  2 redbacks (D)
  A shadow (D)
  A wyvern (D)
  A spriggan (D)
  A water elemental (D)
  A yak (D)
  Grum (D)
  An insubstantial wisp (D)
  4 nagas (D)
  4 water moccasins (D)
  3 porcupines (D)
  10 orc warriors (D)
  A necrophage (D)
  2 wolves (D)
  A crocodile (D)
  2 bullfrogs (D)
  A howler monkey (D)
  A wight (D)
  A crimson imp (D)
  4 orc priests (D)
  2 worker ants (D)
  3 orc wizards (D)
  An adder skeleton (D)
  A dart slug (D)
  A leopard gecko (D)
  8 orcs (D)
  2 bat skeletons (D)
  A giant cockroach (D)
  A goblin (D)
  2 quokkas (D)
  A ball python zombie (D)
  A frilled lizard (D)
  2 kobolds (D)
245 creatures vanquished.

Vanquished Creatures (collateral kills)
  A lich (D)
  A sphinx (D)
  2 shadow dragons (D)
  2 emperor scorpions (D)
  An ironheart preserver (D)
  2 stone giants (D)
  A very ugly thing (D)
  A dire elephant (D)
  An ettin (D)
  A yaktaur captain (D)
  A fire dragon (D)
  A rakshasa (D)
  A hydra (D)
  A centaur warrior (D)
  A death knight (D)
  A deep troll shaman (D)
  3 orc high priests (D)
  A glowing orange brain (D)
  3 swamp dragons (D)
  3 orc knights (D)
  An ironbrand convoker (D)
  A wolf spider (D)
  A vault sentinel (D)
  3 elephants (D)
  A yaktaur (D)
  A jumping spider (D)
  A basilisk (shapeshifter) (D)
  A swamp drake (D)
  A floating eye (D)
  A quokka simulacrum (D)
41 creatures vanquished.

Vanquished Creatures (others)
  A merfolk javelineer (D)
  2 merfolk aquamancers (D)
  A boggart (D)
4 creatures vanquished.

Grand Total: 290 creatures vanquished

Notes
Turn   | Place    | Note
-------+----------+-------------------------------------------
     0 | D        | Knakk the Barachi Berserker began the quest for the Orb.
     0 | D        | Reached XP level 1. HP: 18/18 MP: 1/1
     8 | D        | Reached ** piety under Trog
     8 | D        | Reached skill level 5 in Long Blades
    11 | D        | Reached XP level 2. HP: 24/24 MP: 2/2
    17 | D        | Noticed a howler monkey
    20 | D        | Reached *** piety under Trog
    27 | D        | Killed a howler monkey
    27 | D        | Reached XP level 3. HP: 29/29 MP: 3/3
    70 | D        | Found a roughly hewn altar of Beogh.
    70 | D        | Found a snail-covered altar of Cheibriados.
    70 | D        | Found a shadowy altar of Dithmenos.
    70 | D        | Found a white marble altar of Elyvilon.
    70 | D        | Found a blossoming altar of Fedhas.
    70 | D        | Found an opulent altar of Gozag.
    70 | D        | Found a hazy altar of Hepliaklqana.
    71 | D        | Found a viscous altar of Jiyva.
    72 | D        | Found an ancient bone altar of Kikubaaqudgha.
    73 | D        | Found a corrupted altar of Lugonu.
    74 | D        | Found a burning altar of Makhleb.
    75 | D        | Found a sparkling altar of Nemelex Xobeh.
    76 | D        | Found an iron altar of Okawaru.
    77 | D        | Found a stormy altar of Qazlal.
    78 | D        | Found a sacrificial altar of Ru.
    79 | D        | Found a deep blue altar of Sif Muna.
    80 | D        | Found a bloodstained altar of Trog.
    81 | D        | Found a hide-covered altar of Uskayaw.
    82 | D        | Found a radiant altar of Vehumet.
    83 | D        | Found an ornate altar of the Wu Jian Council.
    84 | D        | Found a shimmering altar of Xom.
    85 | D        | Found a basalt altar of Yredelemnul.
    86 | D        | Found a glowing silver altar of Zin.
    87 | D        | Found a glowing golden altar of the Shining One.
   141 | D        | Noticed a necrophage
   141 | D        | Noticed a water moccasin
   142 | D        | Reached **** piety under Trog
   145 | D        | Killed a necrophage
   145 | D        | Received a gift from Trog
   145 | D        | Reached skill level 10 in Long Blades
   145 | D        | Reached XP level 4. HP: 40/40 MP: 4/4
   145 | D        | Reached XP level 5. HP: 46/46 MP: 5/5
   152 | D        | Killed a water moccasin
   152 | D        | Reached XP level 6. HP: 57/57 MP: 6/6
   209 | D        | Noticed a centaur warrior
   209 | D        | Noticed a seven-headed hydra
   215 | D        | Killed a centaur warrior
   215 | D        | Reached ***** piety under Trog
   215 | D        | Reached skill level 15 in Long Blades
   215 | D        | Reached skill level 5 in Dodging
   215 | D        | Reached XP level 7. HP: 68/68 MP: 7/7
   215 | D        | Reached XP level 8. HP: 75/75 MP: 8/8
   217 | D        | Received a gift from Trog
   222 | D        | Killed an 11-headed hydra
   222 | D        | Reached XP level 9. HP: 64/83 MP: 9/9
   305 | D        | Noticed Maurice
   313 | D        | Killed Maurice
   368 | D        | Gained mutation: Your mind is acute. (Int +2) [potion of mutation]
   368 | D        | Gained mutation: Your spells are a little harder to cast, but a little more powerful. [potion of mutation]
   386 | D        | Received a gift from Trog
   403 | D        | Received a gift from Trog
   552 | D        | Noticed a spiny frog
   552 | D        | Noticed a polar bear
   552 | D        | Noticed a polar bear
   552 | D        | Noticed a rime drake
   552 | D        | Noticed a spiny frog
   556 | D        | Noticed a komodo dragon
   558 | D        | Killed a spiny frog
   558 | D        | Reached XP level 10. HP: 47/93 MP: 10/10
   562 | D        | Reached skill level 5 in Bows
   567 | D        | Reached skill level 10 in Armour
   570 | D        | Received a gift from Trog
   574 | D        | Killed a spiny frog
   575 | D        | Received a gift from Trog
   718 | D        | Noticed an elephant
   718 | D        | Noticed an elephant
   718 | D        | Noticed an elephant
   718 | D        | Noticed a dire elephant
   718 | D        | Noticed an elephant
   718 | D        | Noticed an elephant
   718 | D        | Noticed a dire elephant
   723 | D        | Killed an elephant
   723 | D        | Reached ****** piety under Trog
   724 | D        | Noticed an elephant
   729 | D        | Killed a dire elephant
   729 | D        | Reached skill level 15 in Fighting
   733 | D        | Killed an elephant
   733 | D        | Reached XP level 11. HP: 102/102 MP: 11/11
   746 | D        | Killed a dire elephant
   746 | D        | Received a gift from Trog
   910 | D        | Noticed Psyche
   914 | D        | Killed Psyche
   958 | D        | Noticed Grum
   967 | D        | Killed Grum
   969 | D        | Received a gift from Trog
  1041 | D        | Noticed an orc knight
  1051 | D        | Received a gift from Trog
  1062 | D        | Killed an orc knight
  1067 | D        | Received a gift from Trog
  1075 | D        | Received a gift from Trog
  1127 | D        | Noticed an orc knight
  1127 | D        | Noticed an orc knight
  1131 | D        | Noticed an orc sorcerer
  1133 | D        | Received a gift from Trog
  1141 | D        | Killed an orc knight
  1147 | D        | Killed an orc knight
  1147 | D        | Received a gift from Trog
  1161 | D        | Killed an orc sorcerer
  1169 | D        | Received a gift from Trog
  1427 | D        | Found Soninn's Assorted Antiques.
  1427 | D        | Noticed an orc knight
  1427 | D        | Noticed an orc knight
  1427 | D        | Noticed an orc knight
  1427 | D        | Noticed an orc high priest
  1427 | D        | Noticed an orc high priest
  1427 | D        | Noticed an orc high priest
  1431 | D        | Killed an orc knight
  1432 | D        | Found Jus Muph's Distillery.
  1436 | D        | Killed an orc knight
  1441 | D        | Noticed a soul eater
  1441 | D        | Killed an orc knight
  1449 | D        | Found Potil's Book Emporium.
  1449 | D        | Noticed an orc high priest
  1454 | D        | Killed an orc high priest
  1454 | D        | Reached skill level 10 in Bows
  1454 | D        | Reached XP level 12. HP: 73/114 MP: 12/12
  1459 | D        | Killed an orc high priest
  1468 | D        | Killed an orc high priest
  1470 | D        | Killed an orc high priest
  1471 | D        | Received a gift from Trog
  1474 | D        | Noticed an orc high priest
  1482 | D        | Killed an orc high priest
  1493 | D        | Noticed an orc high priest
  1505 | D        | Killed an orc high priest
  1559 | D        | Found Legayx's Weapon Shoppe.
  1706 | D        | Bought a thick blue amulet for 155 gold pieces
  1706 | D        | Bought a lumpy orange potion for 27 gold pieces
  1706 | D        | Bought a moonstone ring for 155 gold pieces
  1706 | D        | Bought a scroll labeled GEJADU NEXUSCH for 31 gold pieces
  1738 | D        | Noticed Joseph
  1748 | D        | Killed Joseph
  1748 | D        | Received a gift from Trog
  3552 | D        | Noticed a two-headed ogre
  3552 | D        | Noticed an ogre mage
  3561 | D        | Noticed an ogre mage
  3562 | D        | Noticed a stone giant
  3569 | D        | Killed a two-headed ogre
  3569 | D        | Received a gift from Trog
  3572 | D        | Noticed a centaur warrior
  3575 | D        | Received a gift from Trog
  3576 | D        | Noticed a tengu warrior
  3577 | D        | Killed an ogre mage
  3590 | D        | Noticed a stone giant
  3590 | D        | Killed a stone giant
  3590 | D        | Received a gift from Trog
  3591 | D        | Killed a centaur warrior
  3600 | D        | Killed a tengu warrior
  3600 | D        | Reached skill level 15 in Armour
  3617 | D        | Killed a stone giant
  3621 | D        | Killed an ogre mage
  3621 | D        | Received a gift from Trog
  3621 | D        | Reached skill level 10 in Dodging
  4105 | D        | Noticed a merfolk avatar
  4105 | D        | Noticed a merfolk impaler
  4109 | D        | Gained mutation: You can hop longer distances. [Barachi growth]
  4109 | D        | Reached XP level 13. HP: 116/126 MP: 13/13
  4128 | D        | Killed a merfolk impaler
  4128 | D        | Received a gift from Trog
  4136 | D        | Received a gift from Trog
  4310 | D        | Received a gift from Trog
  4333 | D        | Received a gift from Trog
  4352 | D        | Got an ebony great sword {god gift}
  4353 | D        | Identified the +6 great sword of Fatigue {freeze, *Corrode +Rage Int+2} (Trog gifted it to you in the Dungeon)
  4573 | D        | Received a gift from Trog
  4591 | D        | Received a gift from Trog
  4597 | D        | Received a gift from Trog
  4651 | D        | Received a gift from Trog
  4657 | D        | Received a gift from Trog
  4680 | D        | Received a gift from Trog
  5035 | D        | Noticed Saint Roka
  5041 | D        | Received a gift from Trog
  5058 | D        | Killed Saint Roka
  5058 | D        | Reached XP level 14. HP: 105/139 MP: 14/14
  5061 | D        | Received a gift from Trog
  5360 | D        | Noticed a stone giant
  5365 | D        | Noticed a sphinx
  5369 | D        | Noticed a purple very ugly thing
  5381 | D        | Killed a stone giant
  5381 | D        | Received a gift from Trog
  5386 | D        | Received a gift from Trog
  5395 | D        | Killed a sphinx
  5395 | D        | Received a gift from Trog
  5397 | D        | Killed a purple very ugly thing
  5415 | D        | Received a gift from Trog
  5428 | D        | Noticed a stone giant
  5436 | D        | Received a gift from Trog
  5457 | D        | Killed a stone giant
  5457 | D        | Reached skill level 15 in Bows
  5845 | D        | Noticed an ironheart preserver
  5848 | D        | Received a gift from Trog
  5857 | D        | Noticed a vault warden
  5866 | D        | Killed an ironheart preserver
  5868 | D        | Received a gift from Trog
  5878 | D        | Received a gift from Trog
  5879 | D        | Noticed a lich
  5881 | D        | Killed a vault warden
  5886 | D        | Received a gift from Trog
  5899 | D        | Killed a lich
  5903 | D        | Received a gift from Trog
  6306 | D        | Noticed a stone giant
  6314 | D        | Killed a stone giant
  6325 | D        | Received a gift from Trog
  6402 | D        | Noticed Rupert
  6415 | D        | Killed Rupert
  6415 | D        | Received a gift from Trog
  6464 | D        | Noticed Nergalle
  6479 | D        | Killed Nergalle
  6479 | D        | Received a gift from Trog
  6479 | D        | Reached XP level 15. HP: 151/151 MP: 15/15
  6714 | D        | Noticed Frederick
  6731 | D        | Killed Frederick
  6839 | D        | Noticed a nagaraja
  6839 | D        | Noticed a nagaraja
  6839 | D        | Noticed a nagaraja
  6840 | D        | Noticed a nagaraja
  6847 | D        | Killed a nagaraja
  6848 | D        | Noticed a nagaraja
  6853 | D        | Killed a nagaraja
  6853 | D        | Received a gift from Trog
  6857 | D        | Noticed a nagaraja
  6862 | D        | Killed a nagaraja
  6863 | D        | Killed a nagaraja
  6863 | D        | Received a gift from Trog
  6866 | D        | Killed a nagaraja
  6866 | D        | Received a gift from Trog
  6869 | D        | Received a gift from Trog
  6885 | D        | Killed a nagaraja
  6910 | D        | Got a serpentine rune of Zot
  7022 | D        | Received a gift from Trog
  7047 | D        | Received a gift from Trog
  7050 | D        | Received a gift from Trog
  7060 | D        | Got a decaying rune of Zot
  7086 | D        | Noticed an emperor scorpion
  7086 | D        | Noticed an emperor scorpion
  7098 | D        | Killed an emperor scorpion
  7098 | D        | Reached skill level 27 in Long Blades
  7100 | D        | Noticed an emperor scorpion
  7105 | D        | Killed an emperor scorpion
  7105 | D        | Received a gift from Trog
  7113 | D        | Killed a ghost moth
  7118 | D        | Noticed an emperor scorpion
  7119 | D        | Noticed an emperor scorpion
  7137 | D        | Killed a ghost moth
  7155 | D        | Killed an emperor scorpion
  7155 | D        | Received a gift from Trog
  7166 | D        | Killed an emperor scorpion
  7172 | D        | Killed an emperor scorpion
  7180 | D        | Noticed an emperor scorpion
  7198 | D        | Killed an emperor scorpion
  7206 | D        | Got a gossamer rune of Zot
  7521 | D        | Noticed Ilsuiw
  7532 | D        | Received a gift from Trog
  7554 | D        | Killed Ilsuiw
  7554 | D        | Reached skill level 27 in Fighting
  7554 | D        | Reached XP level 16. HP: 144/167 MP: 16/16
  7574 | D        | Received a gift from Trog
  7610 | D        | Received a gift from Trog
  7635 | D        | Got a barnacled rune of Zot
  7977 | D        | Noticed Xtahua
  7991 | D        | Killed Xtahua
  8092 | D        | Received a gift from Trog
  8147 | D        | Received a gift from Trog
  8160 | D        | Received a gift from Trog
  8214 | D        | Received a gift from Trog
  8232 | D        | Received a gift from Trog
  8256 | D        | Reached skill level 27 in Armour
  8289 | D        | Got an iridescent longbow {god gift}
  8290 | D        | Identified the +1 longbow "Utoelo" {freeze, *Contam Str-2 Int+7 Dex+3} (Trog gifted it to you in the Dungeon)
  8312 | D        | Gained mutation: Armour fits poorly on your strangely shaped body. [mutagenic glow]
  8496 | D        | Noticed a lich
  8513 | D        | Killed a lich
  8513 | D        | Received a gift from Trog
  8521 | D        | Received a gift from Trog
  8523 | D        | Noticed a tengu reaver
  8524 | D        | Received a gift from Trog
  8531 | D        | Noticed a shadow dragon
  8533 | D        | Noticed a shadow dragon
  8551 | D        | Received a gift from Trog
  8555 | D        | Killed a tengu reaver
  8555 | D        | Received a gift from Trog
  8562 | D        | Killed a shadow dragon
  8562 | D        | Reached XP level 17. HP: 37/174 MP: 17/17
  8580 | D        | Received a gift from Trog
  8599 | D        | HP: 8/261 [mirror damage (43)]
  9000 | D        | Noticed a quicksilver dragon
  9000 | D        | Noticed a quicksilver dragon
  9039 | D        | HP: 8/174 [shadow dragon (9)]
  9040 | D        | Killed from afar by a shadow dragon

Vault maps used:
D:        linesprint

Skill      XL: |  1  2  3  4  5  6  7  8  9 10 11 12 13 14 15 16 17 |
---------------+----------------------------------------------------+-----
Long Blades    | 5 9 10 12 15 16 17 19 21 22 23 25 27 | 27.0
Fighting       | 6 8 11 12 13 15 17 19 21 24 27 | 27.0
Armour         | 3 4 7 8 9 11 13 15 17 19 22 27 | 27.0
Dodging        | 3 4 5 6 7 8 9 10 11 12 | 12.6
Bows           | 4 7 10 12 14 16 18 23 25 | 25.0

Action                   |  1- 3 |  4- 6 |  7- 9 | 10-12 | 13-15 | 16-18 || total
-------------------------+-------+-------+-------+-------+-------+-------++-------
Melee: Falchion          |    18 |       |       |       |       |       ||    18
       Demon blade       |     4 |    14 |    38 |   219 |   489 |   332 ||  1096
Invok: Berserk           |     1 |       |       |     5 |     9 |     2 ||    17
       Trog's Hand       |       |       |       |     4 |     8 |     4 ||    16
       Brothers in Arms  |       |       |       |     4 |     6 |     4 ||    14
 Abil: Hop               |       |       |       |     1 |       |       ||     1
  Use: Potion            |       |       |     1 |     2 |       |     2 ||     5
       Scroll            |       |       |       |     3 |       |       ||     3
 Stab: Paralysed         |       |       |       |     1 |       |       ||     1
  Eat: Chunk             |       |       |       |     6 |     5 |     1 ||    12
       Bread ration      |       |       |       |     3 |     4 |     1 ||     8
       Meat ration       |       |       |       |       |     1 |       ||     1
Armor: Animal skin       |     3 |       |       |       |       |       ||     3
       Scale mail        |     1 |     3 |     6 |    21 |       |       ||    31
       Shadow dragon sca |       |       |       |    14 |   120 |       ||   134
       Gold dragon scale |       |       |       |       |   189 |   142 ||   331
Dodge: Dodged            |    12 |     6 |    19 |    80 |   185 |    81 ||   383
       Rpst.: Falchion   |     5 |       |       |       |       |       ||     5
       Demon blade       |       |     2 |     7 |    17 |    26 |    12 ||    64
